 Dungeon Crawl Stone Soup version 0.29-a0-615-gdeedd76f10 (webtiles) character file.

Game seed: 4901947472257278479

149 HessuHobo the Skirmisher (level 5, -9/47 HPs)
             Began as a Minotaur Fighter on June 17, 2022.
             Killed by nerve-wracking pain
             ... invoked by an orc priest
              (12 damage)
             ... on level 3 of the Dungeon.
             The game lasted 00:01:38 (1986 turns).

HessuHobo the Skirmisher (Minotaur Fighter)         Turns: 1986, Time: 00:01:39

Health: -9/47      AC: 12    Str: 22    XL:     5   Next: 9%
Magic:  13/13      EV:  6    Int:  5    God:
Gold:   91         SH:  4    Dex: 10    Spells: 4/4 levels left

rFire   . . .      SeeInvis .   a - +0 war axe
rCold   . . .      Faith    .   c - +0 buckler
rNeg    . . .      Spirit   .   q - +0 plate armour
rPois   .          Reflect  .   (helmet restricted)
rElec   .          Harm     .   (no cloak)
rCorr   .          Rampage  .   (no gloves)
Will    .....                   (no boots)
Stlth   ..........              (no amulet)
HPRegen 0.15/turn               o - ring of magical power
MPRegen 0.13/turn               (no ring)

@: no status effects
A: horns 2, retaliatory headbutt
a: no special abilities


You were on level 3 of the Dungeon.
You visited 1 branch of the dungeon, and saw 3 of its levels.

You collected 91 gold pieces.

Inventory:

Hand Weapons
 a - a +0 war axe (weapon)
Missiles
 g - 10 poisoned darts (quivered)
Armour
 b - a +0 scale mail
 c - a +0 buckler (worn)
 q - a +0 plate armour (worn)
Jewellery
 o - a ring of magical power (left hand)
Wands
 h - a wand of polymorph (13)
Scrolls
 f - 3 scrolls of identify {unknown}
 n - a scroll of fear {unknown}
 p - a scroll of silence {unknown}
Potions
 d - a potion of might
 e - 3 potions of cancellation {unknown}
 i - a potion of curing {unknown}
 j - a potion of lignification {unknown}
 k - a potion of mutation {unknown}
 l - a potion of heal wounds {unknown}
 m - a potion of attraction {unknown}


   Skills:
 + Level 4.8 Fighting
 + Level 4.0 Axes
 - Level 4.5 Armour
 - Level 4.5 Shields


You had 4 spell levels left.
You didn't know any spells.
Your spell library contained the following spells:

 Spells                   Type           Power      Damage    Failure   Level
 Anguish                  Hex/Necr       0%         N/A       100%        4
 Enfeeble                 Hex            0%         N/A       100%        7


Dungeon Overview and Level Annotations

Branches:
Dungeon (3/15)

Altars:

Annotations:
D:3 2 transporters, nklfnl's ghost, amateur SpEn


Innate Abilities, Weirdness & Mutations

You have a pair of horns on your head.
You reflexively headbutt those who attack you in melee.


Message History

The orc wizard hits you but does no damage.
The orc priest attacks as you move away!
The orc priest hits you but does no damage.
You miss the orc priest. You headbutt the orc priest!
The orc priest is heavily wounded.
You closely miss the orc wizard. The orc wizard barely misses you.
The orc priest calls upon Beogh to heal the orc wizard.
The orc wizard is healed somewhat.
You miss the orc priest.
The orc priest is heavily wounded.
You hit the orc wizard.
The orc priest hits you with a +0 short sword.
* * * LOW HITPOINT WARNING * * *
The orc wizard hits you with a +0 dagger.
* * * LOW HITPOINT WARNING * * *
You're too confused to move!
The orc priest hits you but does no damage.
The orc wizard completely misses you.
The orc priest attacks as you move away!
The orc priest hits you with a +0 short sword.
* * * LOW HITPOINT WARNING * * *
The orc wizard attacks as you move away!
The orc wizard hits you with a +0 dagger.
* * * LOW HITPOINT WARNING * * *
There is a transporter landing site here.
You bump into the translucent stone wall.
You feel less confused.
The orc priest hits you but does no damage.
The orc wizard hits you but does no damage.
You slash the orc priest!
The orc priest is almost dead.
You closely miss the orc wizard.
The orc priest invokes the aid of Beogh against you.
Pain shoots through your body!
* * * LOW HITPOINT WARNING * * *
You block the orc wizard's attack.
The orc wizard hits you but does no damage.
The orc priest invokes the aid of Beogh against you.
Pain shoots through your body!
You die...

............ ............
....# #
...#############...## .#
...#... ....©#....##.##.
...#Z... ....#..#.......
#..#W.## # #.[#..........
...#..# .#8#..#..........
...#.... ......#.o........
..©#.....©...ZM#@o....$...
...#..........W#...)......
...#..# .#8#.Z#))#)..#...
...#..# .###..#..###..#
...#... ......#..# .#
...#. ......#..# #
...#############..#
#.................#
#.................#


You could see a mummy, an orc priest, an orc wizard, nklfnl's ghost, a howler
monkey zombie and a centaur skeleton.

Vanquished Creatures
  An orc priest (D:3)
  3 adders
  4 gnolls (D:3)
  An adder zombie (D:2)
  2 adder skeletons (D:2)
  A dart slug (D:2)
  3 orcs (D:3)
  5 bats
  2 endoplasms
  A goblin (D:3)
  3 hobgoblins
  3 quokkas
  3 ball pythons
  A ball python skeleton (D:2)
  A ball python zombie (D:2)
  4 frilled lizards (D:2)
  2 giant cockroach zombies (D:2)
  A kobold (D:1)
  2 quokka skeletons (D:2)
  2 quokka zombies (D:2)
  4 rats
49 creatures vanquished.

Vanquished Creatures (others)
  2 withered plants (D:2)
2 creatures vanquished.

Grand Total: 51 creatures vanquished

Notes
Turn   | Place    | Note
-------+----------+-------------------------------------------
     0 | D:1      | HessuHobo the Minotaur Fighter began the quest for the Orb.
     0 | D:1      | Reached XP level 1. HP: 19/19 MP: 0/0
   288 | D:1      | Found a faded altar of an unknown god.
   564 | D:2      | Reached XP level 2. HP: 12/27 MP: 1/1
  1018 | D:2      | Reached XP level 3. HP: 33/33 MP: 2/2
  1713 | D:3      | Reached XP level 4. HP: 38/40 MP: 3/3
  1863 | D:3      | Found a transporter.
  1865 | D:3      | Noticed nklfnl's ghost (amateur SpEn)
  1968 | D:3      | Reached XP level 5. HP: 32/47 MP: 4/4
  1973 | D:3      | Found a transporter.
  1986 | D:3      | Killed from afar by an orc priest

Illustrated notes

Levels and vault maps discovered:
D:1:      dpeg_arrival_long_road, layout_rooms,
          hellmonk_ecumenical_altar_heavens_door, chequers_decorated_corner
D:2:      layout_loops_corners, serial_undead, serial_undead_f, serial_undead_f,
          serial_undead_a, serial_undead_b, serial_undead_b, serial_undead_b,
          serial_undead_d, serial_undead_f, serial_undead_d, serial_undead_d
D:3:      layout_rooms, gammafunk_ghost_mausoleum, uniq_terence

Skill      XL: |  1  2  3  4 |
---------------+-------------+-----
Fighting       | 4 |  4.8
Shields        | 4 |  4.5
Axes           | 3 4 |  4.0
Armour         | 4 |  4.5

Action                   |  1- 3 |  4- 6 || total
-------------------------+-------+-------++-------
Melee: War axe           |    74 |    34 ||   108
       Headbutt          |     7 |     8 ||    15
Armor: Scale mail        |    38 |     8 ||    46
       Plate armour      |       |    20 ||    20
Dodge: Dodged            |    36 |    16 ||    52
Block: Buckler           |    18 |    10 ||    28

Table legend: (Time is in decaauts)
 A = Elapsed time spent in this place.
 B = Non-inter-level travel time spent in this place.
 C = Inter-level travel time spent in this place.
 D = Time resting spent in this place.
 E = Time spent auto-exploring this place.
 F = Levels seen in this place.
 G = Mean time per level.
                   A        B        C        D        E       F      G
               +--------+--------+--------+--------+--------+-----+--------+
         Total |   2026 |   1918 |    108 |    124 |   1483 |   3 |  675.3 |
       Dungeon |   2026 |   1918 |    108 |    124 |   1483 |   3 |  675.3 |
               +--------+--------+--------+--------+--------+-----+--------+

Top non-repeatable levels by time:
     D:2: 1091 daAuts
     D:1: 525 daAuts
     D:3: 409 daAuts
